 Dungeon Crawl Stone Soup version 0.31-a0-986-g5e6e4ef867 (webtiles) character file.

Game seed: 7386944740505127387

221 greenreed the Trooper (level 5, 0/48 HPs)
             Began as a Minotaur Fighter on Nov 8, 2023.
             Killed from afar by a dart slug (2 damage)
             ... with a slug dart
             ... on level 4 of the Dungeon.
             The game lasted 00:04:02 (2623 turns).

greenreed the Trooper (Minotaur Fighter)            Turns: 2623, Time: 00:04:04

Health: 0/48       AC:  9    Str: 22    XL:     5   Next: 65%
Magic:  4/4        EV:  8    Int:  5    God:
Gold:   167        SH:  4    Dex: 10    Spells: 4/4 levels left

rFire   . . .        r - +0 mace (protect)
rCold   . . .        c - +0 buckler
rNeg    . . .        p - +0 chain mail
rPois   .            (helmet restricted)
rElec   .            (no cloak)
rCorr   .            (no gloves)
SInv    .            (no boots)
Will    .....        (no amulet) Stlth
                     (no ring)
HPRegen 0.28/turn    (no ring)
MPRegen 0.09/turn

%: no passive effects
@: mighty
A: horns 2, retaliatory headbutt
a: no special abilities


You were on level 4 of the Dungeon.
You visited 1 branch of the dungeon, and saw 4 of its levels.

You collected 167 gold pieces.

Inventory:

Hand Weapons
 a - a +0 flail
 f - a +0 arbalest
 r - a +0 mace of protection (weapon)
Armour
 b - a +0 scale mail
 c - a +0 buckler (worn)
 p - a +0 chain mail (worn)
Jewellery
 n - a ring of ice
 t - a +6 ring of intelligence
Scrolls
 e - a scroll of poison {unknown}
 g - a scroll of amnesia {unknown}
 i - a scroll of immolation {unknown}
 k - a scroll of acquirement {unknown}
 l - 2 scrolls of fog {unknown}
 o - 3 scrolls of brand weapon {unknown}
 q - 2 scrolls of identify {unknown}
Potions
 h - a potion of curing {unknown}
 j - 2 potions of attraction {unknown}
 m - 2 potions of resistance {unknown}
 s - 2 potions of degeneration {unknown}


   Skills:
 * Level 5.4 Fighting
 * Level 4.5 Maces & Flails
 + Level 4.5 Armour
 + Level 4.5 Shields


You had 4 spell levels left.
You didn't know any spells.
Your spell library contained the following spells:

 Spells                   Type           Power      Damage    Failure   Level
 Shock                    Conj/Air       0%         1d3       99%         1
 Wereblood                Tmut           0%         N/A       99%         2
 Swiftness                Air            0%         N/A       100%        3
 Airstrike                Air            0%         2d(0-16)  100%        4
 Irradiate                Conj/Tmut      0%         3d11      100%        5


Dungeon Overview and Level Annotations

Branches:
Dungeon (4/15)
 Temple: D:4-7

Altars:
Fedhas

Annotations:
D:4 Ijyb


Innate Abilities, Weirdness & Mutations

You have a pair of horns on your head.
You reflexively headbutt those who attack you in melee.


Message History

The dart slug launches a dart at you. You block the slug dart.
Ijyb zaps a wand.
Your mind is blasted!
The dart slug launches a dart at you.
The slug dart hits you but does no damage.
Ijyb zaps a wand.
You barely resist. You barely miss Ijyb. Your headbutt misses Ijyb.
The quokka bites you but does no damage.
The dart slug launches a dart at you.
The slug dart hits you but does no damage.
Ijyb completely misses you.
The quokka bites you but does no damage.
You closely miss Ijyb. You headbutt Ijyb, but do no damage.
The quokka closely misses you. Ijyb screams, "Me stronger than you!"
Ijyb zaps a wand.
Your mind is blasted!
You barely miss Ijyb.
The quokka bites you but does no damage.
Ijyb hits you but does no damage.
The quokka bites you but does no damage.
The dart slug launches a dart at you. The slug dart hits you.
You closely miss Ijyb. Ijyb hits you with a +0 dagger.
The quokka bites you but does no damage.
You barely miss Ijyb.
Ijyb zaps a wand.
Your mind is blasted!
* * * LOW HITPOINT WARNING * * *
You block the quokka's attack. Ijyb barely misses you. You furiously retaliate!
You headbutt Ijyb.
The quokka bites you but does no damage.
You feel very mighty all of a sudden. The quokka barely misses you.
You furiously retaliate!
You headbutt the quokka. Ijyb hits you with a +0 dagger.
* * * LOW HITPOINT WARNING * * *
You closely miss Ijyb.
Ijyb is lightly wounded.
You block the quokka's attack.
Ijyb zaps a wand.
Your mind is blasted!
* * * LOW HITPOINT WARNING * * *
The dart slug launches a dart at you. The slug dart hits you.
You die...

...[..........
............. #
##............ #### #.
............. .<.#
##..###........... ####..
#.................
.....#####.....gr..........
....##... #@w.....#
###....###.# ##..#####
#........# #..# ####...##
#..## #....#..### #...#
...####...# ##..## #.##
###.# #...## #.# #.##
#####.#..# #.#
#..###........#


You could see Ijyb, a dart slug and a quokka.

Vanquished Creatures
  An orc priest (D:3)
  3 orc wizards (D:3)
  5 adders
  A worm (D:2)
  4 orcs
  4 endoplasms
  4 giant cockroaches
  8 goblins
  4 hobgoblins
  3 jackals (D:1)
  7 kobolds
  2 quokkas (D:1)
  5 ball pythons
  9 bats
  8 frilled lizards
  3 rats
71 creatures vanquished.

Notes
Turn   | Place    | Note
-------+----------+-------------------------------------------
     0 | D:1      | greenreed the Minotaur Fighter began the quest for the Orb.
     0 | D:1      | Reached XP level 1. HP: 19/19 MP: 0/0
   292 | D:1      | Found a faded altar of an unknown god.
   310 | D:1      | Reached XP level 2. HP: 27/27 MP: 1/1
   454 | D:1      | Reached skill level 4 in Fighting
   948 | D:2      | Reached XP level 3. HP: 33/33 MP: 2/2
  1820 | D:3      | Reached XP level 4. HP: 41/41 MP: 3/3
  1934 | D:3      | Reached skill level 5 in Fighting
  1951 | D:3      | Reached XP level 5. HP: 36/48 MP: 4/4
  2011 | D:3      | Found a blossoming altar of Fedhas.
  2087 | D:3      | Identified the +2 helmet of Iteil {Harm Str+2 Dex-5}
  2611 | D:4      | Noticed Ijyb
  2623 | D:4      | HP: 2/48 [disintegration (8)]
  2623 | D:4      | Killed from afar by a dart slug

Illustrated notes

Levels and vault maps discovered:
D:1:      kilobyte_arrival_exit_the_forest, layout_basic,
          shapermc_ecumenical_altar_notcrosses, minmay_split_cup_large
D:2:      layout_basic, nicolae_kite_square_tiling_tiny
D:3:      layout_loops_cross, fedhas_altar_1
D:4:      layout_rooms, lemuel_zombie_altar_kikubaaqudgha,
          cheibrodos_ashenzari_chains, serial_shops, shop, shop, shop,
          nicolae_shop_tiny_statue_garden, ebering_ghost_inner_flame,
          kennysheep_generic_room_2, uniq_ijyb

Skill      XL: |  1  2  3  4 |
---------------+-------------+-----
Fighting       | 4 5 |  5.4
Maces & Flails | 3 4 |  4.5
Armour         | 4 |  4.5
Shields        | 4 |  4.5

Action                     |  1- 3 |  4- 6 || total
---------------------------+-------+-------++-------
  Melee: Flail             |    76 |       ||    76
         Headbutt          |     8 |     7 ||    15
         Mace              |    11 |    77 ||    88
    Use: Potion            |       |     1 ||     1
 Armour: Scale mail        |    35 |       ||    35
         Chain mail        |    12 |    63 ||    75
  Dodge: Dodged            |    40 |    28 ||    68
  Block: Buckler           |    16 |    14 ||    30

Table legend: (Time is in decaauts)
 A = Elapsed time spent in this place.
 B = Non-inter-level travel time spent in this place.
 C = Inter-level travel time spent in this place.
 D = Time resting spent in this place.
 E = Time spent auto-exploring this place.
 F = Levels seen in this place.
 G = Mean time per level.
                   A        B        C        D        E       F      G
               +--------+--------+--------+--------+--------+-----+--------+
         Total |   2673 |   2453 |    220 |     37 |   1968 |   4 |  668.2 |
       Dungeon |   2673 |   2453 |    220 |     37 |   1968 |   4 |  668.2 |
               +--------+--------+--------+--------+--------+-----+--------+

Top non-repeatable levels by time:
     D:1: 960 daAuts
     D:3: 837 daAuts
     D:2: 796 daAuts
     D:4: 79 daAuts
